Map: Terraform LE (Void)

Players

SluttyMagoo - Winner!

  • Race: Zerg Zerg
  • League: Gold

Javert

  • Race: Zerg Zerg
  • League: Gold

VOD

Have the link to the VOD?

Description

Time

  • Played on: Sept. 6, 2015, 4:45 p.m.
  • Length: 7:48
Show
View Real Time Build Order
Export as new Build Order

SluttyMagoo Zerg - Winner!

Build Orders: Hatch First 

Get SALT Encoding   

  12  0:03  Drone  
  13  0:09  Drone  
  14  0:17  Overlord  
  14  0:26  Extractor  
  14  0:27  Extractor  
  14  0:28  Drone  
  13  0:29  Drone  
  16  0:39  Drone  
  17  0:56  Hatchery, Drone  
  17  1:00  Drone  
  18  1:14  Spawning Pool  
  18  1:17  Extractor  
  16  1:18  Drone  
  16  1:22  Drone  
  18  1:29  Drone  
  19  1:42  Overlord  
  19  2:00  Queen  
  21  2:03  Zergling x4  
  21  2:07  Queen  
  25  2:09  Zergling x2  
  26  2:19  Metabolic Boost  
  26  2:21  Drone x2  
  28  2:36  Drone x3  
  31  2:48  Drone x2  
  33  2:52  Drone  
  33  2:57  Overlord  
  34  3:07  Overlord x2  
  34  3:17  Spine Crawler  
  34  3:18  Overlord x2  
  34  3:19  Baneling Nest  
  32  3:20  Zergling x4  
  32  3:21  Zergling x2  
  35  3:30  Queen  
  37  3:42  Zergling x2  
  37  3:43  Zergling x10  
  37  3:46  Drone  
  37  3:47  Drone  
  44  3:57  Drone x2  
  46  4:07  Roach Warren  
  46  4:08  Drone x3  
  48  4:11  Drone  
  48  4:12  Drone  
  50  4:18  Drone x2  
  51  4:28  Baneling  
  51  4:30  Baneling  
  50  4:31  Baneling  
  50  4:33  Baneling  
  50  4:34  Baneling  
  50  4:37  Drone x5  
  55  4:56  Hatchery  
  55  4:58  Evolution Chamber  
  51  5:12  Roach  
  51  5:13  Roach x7  
  67  5:15  Overlord  
  67  5:16  Overlord  
  67  5:26  Drone x2  
  67  5:27  Drone x2  
  66  5:31  Extractor  
  66  5:32  Overlord x2  
  64  5:44  Zergling x4  
  64  5:49  Roach x4  
  76  5:50  Roach x2  
  72  5:57  Zergling x2  
  72  6:06  Zergling x8  
  75  6:21  Zergling x2  
  75  6:22  Extractor, Zergling x12  
  81  6:27  Queen  
  81  6:29  Queen  
  85  6:35  Roach  
  85  6:37  Drone  
  85  6:38  Drone  
  89  6:40  Drone  
  90  6:50  Roach  
  90  6:51  Roach x2  
  90  6:53  Zergling x2  
  97  6:59  Roach  
  97  7:00  Roach x2  
  97  7:01  Zergling x2  
  102  7:20  Roach x5  
  104  7:24  Overlord x3  
Show
View Real Time Build Order
Export as new Build Order

Javert Zerg 

Build Orders: Pool First 

Get SALT Encoding   

  12  0:01  Drone  
  13  0:15  Overlord  
  13  0:19  Drone  
  14  0:33  Drone x2  
  16  0:37  Drone  
  17  0:49  Drone  
  18  0:51  Spawning Pool  
  17  0:59  Drone  
  18  1:16  Drone  
  18  1:17  Hatchery  
  18  1:19  Extractor  
  17  1:39  Roach Warren, Queen  
  18  1:45  Drone  
  19  1:48  Overlord  
  19  1:59  Drone  
  19  2:00  Drone  
  21  2:19  Roach  
  21  2:20  Roach  
  25  2:24  Queen  
  27  2:35  Roach x2  
  31  2:47  Drone x5  
  36  2:55  Overlord  
  36  3:04  Overlord  
  36  3:21  Drone x3  
  39  3:28  Hatchery  
  39  3:30  Overlord  
  39  3:31  Drone x2  
  40  3:38  Drone x3  
  43  3:45  Overlord  
  43  3:59  Metabolic Boost  
  43  4:01  Baneling Nest  
  42  4:05  Drone x5, Extractor x2  
  45  4:16  Roach x2  
  49  4:30  Roach x2  
  49  4:35  Spine Crawler  
  44  4:39  Overlord x2  
  44  4:42  Roach  
  44  4:45  Zergling x14  
  53  4:52  Roach  
  55  5:12  Drone x3  
  55  5:13  Drone x4  
  62  5:19  Hatchery, Extractor  
  60  5:27  Drone x5  
  65  5:31  Drone  
  51  6:07  Lair  
  51  6:10  Roach  
  51  6:11  Roach x11  
  71  6:20  Evolution Chamber  
  70  6:30  Roach x6  
  82  6:33  Overlord  
  82  6:39  Drone x2, Queen  
  86  6:53  Drone x5  
  91  7:05  Drone x4  
  91  7:06  Drone x2  
  79  7:27  Roach  
  79  7:28  Roach x9  
  83  7:41  Spine Crawler  
  83  7:42  Spine Crawler  
  81  7:44  Spine Crawler  
Tags
 
Add a new tag
Caveats
  • Supply blocks, unpowered buildings, or Contaminate may cause inaccurate times.
  • Supply counts are checked every 10 seconds.